 Dungeon Crawl Stone Soup version 0.21.1-1-g345015f (webtiles) character file.

29689 LairdRich the Cleaver (level 13, -4/104 HPs)
             Began as a Demonspawn Gladiator on June 17, 2018.
             Was a High Priest of Okawaru.
             Slain by a nine-headed hydra (5 damage)
             ... on level 6 of the Lair of Beasts on June 18, 2018.
             The game lasted 01:46:42 (20878 turns).

LairdRich the Cleaver (Demonspawn Gladiator)       Turns: 20878, Time: 01:46:43

Health: -4/104     AC: 19    Str: 19    XL:     13   Next: 16%
Magic:  4/4        EV: 16    Int:  9    God:    Okawaru [*****.]
Gold:   766        SH: 20    Dex: 15    Spells: 12/12 levels left

rFire    + . .     SeeInvis .   b - +6 falchion of Uvuun {flame, rElec MP-9 Int-5 Stlth+}
rCold    + + +     Gourm    .   o - +1 shield {rC+}
rNeg     + . .     Faith    .   D - +2 leather armour {rF+}
rPois    +         Spirit   .   P - +2 hat of Vucusha {rPois rC++ rCorr Stlth-}
rElec    +         Reflect  .   l - +2 cloak {+Inv}
rCorr    +         Harm     .   w - +0 pair of gloves
MR       +....                  E - +1 pair of boots {Fly}
Stlth    +++++++...             s - amulet "Ciamerph" {rPois Regen+}
HPRegen  0.67/turn              y - +4 ring of protection
MPRegen  0.09/turn              N - ring of the Middle {rElec rN+ MR+ Int+4}

@: heroism, flying
A: antennae 2, large bone plates 2, nightstalker 1, spiny 2
a: Heroism, Finesse, Renounce Religion, Evoke Invisibility, Stop Flying


You were on level 6 of the Lair of Beasts.
You worshipped Okawaru.
Okawaru was extremely pleased with you.
You were not hungry.

You visited 3 branches of the dungeon, and saw 19 of its levels.
You also visited: Labyrinth.

You collected 1296 gold pieces.
You spent 530 gold pieces at shops.

Inventory:

Hand Weapons
 a - a +3 war axe of electrocution
 b - the +6 falchion of Uvuun (weapon) {flame, rElec MP-9 Int-5 Stlth+}
   (You found it on level 8 of the Dungeon)

   It has been specially enchanted to burn those struck by it, causing extra
   injury to most foes and up to half again as much damage against particularly
   susceptible opponents.
   Big, fiery blades are also staple armaments of hydra-hunters.
   It affects your intelligence (-5).
   It insulates you from electricity.
   It affects your magic capacity (-9).
   It makes you more stealthy.
Missiles
 d - 2 throwing nets (quivered)
Armour
 l - a +2 cloak of invisibility (worn)
 o - a +1 shield of cold resistance (worn)
 w - a +0 pair of gloves (worn)
 D - a +2 leather armour of fire resistance (worn)
 E - a +1 pair of boots of flying (worn)
 O - a +2 leather armour of magic resistance
 P - the +2 hat of Vucusha (worn) {rPois rC++ rCorr Stlth-}
   (Okawaru gifted it to you on level 2 of the Lair of Beasts)

   It greatly protects you from cold.
   It protects you from poison.
   It protects you from acid and corrosion.
   It makes you less stealthy.
Jewellery
 e - a +5 ring of slaying
 p - an uncursed ring of resist corrosion
 s - the amulet "Ciamerph" (around neck) {rPois Regen+}
   (You acquired it on level 5 of the Dungeon)

   [amulet of regeneration]

   It protects you from poison.
   It increases your rate of regeneration.
 y - a +4 ring of protection (left hand)
 A - an uncursed ring of protection from magic {unknown}
 F - a cursed -3 ring of slaying
 J - an uncursed amulet of the gourmand {unknown}
 N - the ring of the Middle (right hand) {rElec rN+ MR+ Int+4}
   (You acquired it on level 5 of the Dungeon)

   [ring of protection from magic]

   It affects your intelligence (+4).
   It insulates you from electricity.
   It protects you from negative energy.
   It affects your resistance to hostile enchantments.
 S - an uncursed ring of protection from fire
 T - an uncursed ring of stealth {unknown}
Wands
 t - a wand of flame (40)
 v - a wand of disintegration (11)
 z - a wand of digging (32)
 C - a wand of paralysis (13)
 K - a wand of polymorph (45)
Scrolls
 c - 2 scrolls of enchant weapon
 j - 6 scrolls of enchant armour
 n - 2 scrolls of magic mapping
 q - 7 scrolls of remove curse
 u - 5 scrolls of teleportation
 x - a scroll of fear
 B - 2 scrolls of blinking
 Q - a scroll of identify
Potions
 g - 4 potions of cancellation
 h - 6 potions of heal wounds
 i - a potion of might {unknown}
 k - a potion of brilliance {unknown}
 m - 2 potions of magic {unknown}
 r - 2 potions of mutation {unknown}
 G - 3 potions of ambrosia
 H - 3 potions of haste {unknown}
 I - a potion of degeneration {unknown}
 L - a potion of invisibility
 M - 7 potions of agility {unknown}
 W - 2 potions of berserk rage
Comestibles
 f - 12 rations


   Skills:
 + Level 10.5(15.5) Fighting
 - Level 6.1(11.1) Long Blades
 * Level 12.0(17.0) Axes
 - Level 1.7(6.7) Throwing
 - Level 5.1(10.1) Armour
 - Level 2.6(7.6) Dodging
 + Level 9.8(14.8) Stealth
 + Level 7.6(12.6) Shields
 - Level 0.7 Evocations


You had 12 spell levels left.
You didn't know any spells.

Dungeon Overview and Level Annotations

Branches:
Dungeon (12/15)            Temple (1/1) D:6            Lair (6/6) D:9
  Swamp (0/4) Lair:2       Spider (0/4) Lair:3        Slime (0/5) Lair:5
    Orc (0/2) D:10

Altars:
Ashenzari
Cheibriados
Dithmenos
Elyvilon
Fedhas
Gozag
Hepliaklqana
Kikubaaqudgha
Makhleb
Nemelex Xobeh
Okawaru
Qazlal
Ru
Sif Muna
Trog
Uskayaw
Vehumet
Wu Jian
Xom
Yredelemnul
Zin
The Shining One

Shops:
D:5 }   D:7 [%[%[


Innate Abilities, Weirdness & Mutations

You have a pair of antennae on your head.
You are mostly covered in large bone plates. (SH +6)
You are slightly more attuned to the shadows.
You are mostly covered in sharp spines.


Message History

The nine-headed hydra bites you.
* * * LOW HITPOINT WARNING * * *
The nine-headed hydra bites you.
* * * LOW HITPOINT WARNING * * *
The nine-headed hydra barely misses you.
The nine-headed hydra bites you.
* * * LOW HITPOINT WARNING * * *
You block the nine-headed hydra's attack.
The nine-headed hydra bites you but does no damage.
The nine-headed hydra bites you.
* * * LOW HITPOINT WARNING * * *
A yak comes into view.
You barely miss the nine-headed hydra.
The nine-headed hydra is moderately wounded.
The yak barely misses you. You block the water moccasin's attack.
The yak gores you but does no damage.
You block the nine-headed hydra's attack. x2
The nine-headed hydra bites you but does no damage. x2
The nine-headed hydra bites you.
You die...

♣♣≈♣ ...... ♣≈.≈ ♣#♣♣#
....... ≈≈♣ ♣♣.#.#
....... ♣≈♣♣♣....#
....... #♣♣.♣♣.....##
.Y.....##.♣.........##
.....PY#P...........P#
....H.#D...........###
.....YY@#.........<#.#
#.#..$YS.............#
$...................P#
###..................#
.<..................#
....................##
...................##
......


You could see a nine-headed hydra, a hippogriff, 5 yaks and a water moccasin.

Vanquished Creatures
  A minotaur (Lab)
  4 hydras
  5 two-headed ogres
  The ghost of adept the Protected, a novice GnWn of Vehumet (D:7)
  Pikel (D:6)
  The ghost of poxu the Thaumaturge, a novice DEWz (D:8)
  A cyclops (D:11)
  3 black mambas
  9 spiny frogs
  A rime drake (Lair:4)
  5 komodo dragons
  A polar bear (Lair:2)
  A troll (D:11)
  4 hornets
  Grinder (D:6)
  Prince Ribbit (D:7)
  5 blink frogs (Lair:4)
  2 hippogriffs
  Sigmund (D:4)
  A shadow (D:11)
  A wraith (D:10)
  22 yaks
  A wyvern (Lair:4)
  A basilisk (Lair:5)
  4 vampire mosquitoes (D:11)
  10 water moccasins
  8 porcupines
  4 ice beasts
  3 black bears
  A phantom (D:8)
  6 orc warriors
  A sky beast (D:11)
  4 slaves (D:6)
  2 necrophages
  A hornet zombie (D:8)
  5 ogres
  3 wolves (Lair:3)
  7 centaurs
  2 crocodiles
  The ghost of inc the Stinger, an amateur OpVM (D:3)
  3 big kobolds
  17 bullfrogs
  A water moccasin zombie (D:8)
  3 scorpions
  3 killer bees (D:11)
  6 wights
  6 electric eels
  A howler monkey (D:5)
  2 crimson imps (D:6)
  2 bullfrog zombies
  A centaur zombie (D:7)
  3 orc priests
  8 hounds
  4 jellies
  11 orc wizards
  2 bullfrog skeletons (D:5)
  A centaur skeleton (D:11)
  5 iguanas
  8 worker ants
  7 hell rats
  A hound skeleton (D:4)
  Robin (D:2)
  13 adders
  6 river rats (Lair:3)
  2 shadow imps
  2 adder skeletons
  A worm (D:4)
  A dart slug (D:3)
  6 leopard geckos
  41 orcs
  8 giant cockroaches
  12 hobgoblins
  5 jackals
  20 kobolds
  4 quokkas
  2 ball pythons
  8 bats
  8 frilled lizards
  22 goblins
  2 quokka zombies
  6 rats
  2 bushes (Lair:5)
  A fungus (Lair:1)
  23 plants
427 creatures vanquished.

Vanquished Creatures (others)
  3 fungi
  2 plants
5 creatures vanquished.

Grand Total: 432 creatures vanquished

Notes
Turn   | Place    | Note
-------+----------+-------------------------------------------
     0 | D:1      | LairdRich the Demonspawn Gladiator began the quest for the Orb.
     0 | D:1      | Reached XP level 1. HP: 16/16 MP: 1/1
   295 | D:1      | Reached skill level 3 in Axes
   311 | D:1      | Gained mutation: You are slightly more attuned to the shadows. [demonic ancestry]
   311 | D:1      | Reached XP level 2. HP: 22/22 MP: 2/2
  1013 | D:2      | Reached skill level 1 in Armour
  1013 | D:2      | Reached XP level 3. HP: 18/28 MP: 3/3
  1841 | D:2      | Noticed Robin
  1857 | D:2      | Reached XP level 4. HP: 16/34 MP: 4/4
  1867 | D:2      | Killed Robin
  2164 | D:2      | Found a deep blue altar of Sif Muna.
  2382 | D:3      | Noticed inc's ghost (amateur OpVM)
  2502 | D:3      | Killed inc's ghost
  2502 | D:3      | Reached skill level 4 in Axes
  2502 | D:3      | Gained mutation: You are partially covered in large bone plates. (SH +4) [demonic ancestry]
  2502 | D:3      | Reached XP level 5. HP: 16/41 MP: 5/5
  2519 | D:3      | HP: 2/41 [poisoned by inc's ghost (sting)]
  2525 | D:3      | HP: 2/41 [poisoned by inc's ghost (sting)]
  3569 | D:3      | Reached XP level 6. HP: 47/47 MP: 6/6
  3854 | D:4      | Reached skill level 5 in Axes
  3980 | D:4      | Found an ornate altar of the Wu Jian Council.
  3982 | D:4      | Noticed Sigmund
  3997 | D:4      | Killed Sigmund
  3997 | D:4      | Reached skill level 1 in Stealth
  4260 | D:4      | Reached XP level 7. HP: 54/54 MP: 7/7
  5098 | D:5      | Entered Level 5 of the Dungeon
  5247 | D:5      | Reached skill level 6 in Axes
  5286 | D:5      | Identified 2 scrolls of acquirement
  5289 | D:5      | Got a shimmering jade amulet
  5290 | D:5      | Identified the amulet "Ciamerph" {rPois Regen+} (You acquired it on level 5 of the Dungeon)
  5337 | D:5      | Got a smoking turquoise ring
  5338 | D:5      | Identified the ring of the Middle {rElec rN+ MR+ Int+4} (You acquired it on level 5 of the Dungeon)
  5359 | D:5      | Gained mutation: You have a pair of small antennae on your head. [demonic ancestry]
  5359 | D:5      | Reached XP level 8. HP: 47/61 MP: 8/8
  5598 | D:5      | Found an opulent altar of Gozag.
  5667 | D:5      | Found Deosm's Gadget Shop.
  6090 | D:5      | Found a burning altar of Makhleb.
  6094 | D:5      | Reached skill level 5 in Fighting
  6581 | D:6      | Noticed Grinder
  6590 | D:6      | Killed Grinder
  6590 | D:6      | Reached skill level 7 in Axes
  6796 | D:6      | Noticed Pikel
  6825 | D:6      | Killed Pikel
  6825 | D:6      | Reached skill level 5 in Armour
  6825 | D:6      | Gained mutation: You have a pair of antennae on your head. [demonic ancestry]
  6825 | D:6      | Reached XP level 9. HP: 66/69 MP: 9/9
  6825 | D:6      | Reached skill level 8 in Axes
  6987 | D:6      | Found a snail-covered altar of Cheibriados.
  6987 | D:6      | Found a bloodstained altar of Trog.
  7133 | D:6      | Found a staircase to the Ecumenical Temple.
  7140 | Temple   | Entered the Ecumenical Temple
  7309 | Temple   | Became a worshipper of Warmaster Okawaru
  7661 | D:7      | Noticed Prince Ribbit
  7673 | D:7      | Killed Prince Ribbit
  7673 | D:7      | Reached skill level 5 in Stealth
  7781 | D:7      | Reached skill level 1 in Shields
  7991 | D:7      | Found Tuce Dit's Armour Shop.
  8111 | D:7      | Noticed adept's ghost (novice GnWn)
  8146 | D:7      | Killed adept's ghost
  8146 | D:7      | Reached * piety under Okawaru
  8146 | D:7      | Reached skill level 9 in Axes
  8146 | D:7      | Gained mutation: You are partially covered in sharp spines. [demonic ancestry]
  8146 | D:7      | Reached XP level 10. HP: 41/77 MP: 10/10
  8276 | D:7      | Found Leurruf's Antique Armour Emporium.
  8282 | D:7      | Bought a runed leather armour for 170 gold pieces
  8282 | D:7      | Bought a pair of embroidered boots for 255 gold pieces
  8387 | D:7      | Found Poddenio's Food Shoppe.
  8556 | D:7      | Found Izxol's Antique Armour Emporium.
  8662 | D:7      | Found Ipoud's Food Boutique.
  8891 | D:8      | Found a stormy altar of Qazlal.
  8967 | D:8      | Noticed poxu's ghost (novice DEWz)
  8981 | D:8      | Killed poxu's ghost
  9005 | D:8      | Found a bloodstained altar of Trog.
  9064 | D:8      | Noticed a two-headed ogre
  9073 | D:8      | Killed a two-headed ogre
  9073 | D:8      | Reached ** piety under Okawaru
  9296 | D:8      | Got a shimmering falchion
  9297 | D:8      | Identified the +6 falchion of Uvuun {flame, rElec MP-9 Int-5 Stlth+} (You found it on level 8 of the Dungeon)
  9417 | D:8      | Reached skill level 1 in Long Blades
  9671 | D:9      | Noticed a two-headed ogre
  9680 | D:9      | Killed a two-headed ogre
  9685 | D:9      | Found a staircase to the Lair.
  9768 | D:9      | Reached *** piety under Okawaru
  9837 | D:9      | Reached XP level 11. HP: 55/86 MP: 2/11
 10311 | D:9      | Found a shimmering altar of Xom.
 10420 | D:10     | Entered Level 10 of the Dungeon
 10474 | D:10     | Noticed a two-headed ogre
 10490 | D:10     | Killed a two-headed ogre
 10590 | D:10     | Found a staircase to the Orcish Mines.
 10711 | D:10     | Noticed a two-headed ogre
 10722 | D:10     | Killed a two-headed ogre
 10722 | D:10     | Reached **** piety under Okawaru
 10772 | D:10     | Reached skill level 5 in Shields
 11255 | D:11     | Reached skill level 5 in Long Blades
 11256 | D:11     | HP: 1/87 [komodo dragon (27)]
 11258 | D:11     | Reached ***** piety under Okawaru
 11273 | D:11     | Noticed a two-headed ogre
 11912 | D:11     | Killed a two-headed ogre
 12553 | Lair:1   | Entered Level 1 of the Lair of Beasts
 12771 | D:7      | Bought a runed leather armour for 105 gold pieces
 13311 | Lair:1   | Reached skill level 10 in Axes
 13445 | Lair:1   | Gained mutation: You are mostly covered in sharp spines. [demonic ancestry]
 13445 | Lair:1   | Reached XP level 12. HP: 87/95 MP: 9/12
 14183 | Lair:2   | Received a gift from Okawaru
 14186 | Lair:2   | Got a fine hat {god gift}
 14200 | Lair:2   | Identified the +2 hat of Vucusha {rPois rC++ rCorr Stlth-} (Okawaru gifted it to you on level 2 of the Lair of Beasts)
 14369 | Lair:2   | Found a staircase to the Swamp.
 14996 | Lair:3   | Found a labyrinth entrance.
 15004 | Lab      | Entered a labyrinth
 17517 | Lab      | Noticed a minotaur
 17532 | Lab      | Killed a minotaur
 17545 | Lab      | Got a bloodstained robe
 17578 | Lair:3   | Identified the cursed +0 robe "Irei" {rC+ Stlth+} (You found it in a labyrinth)
 17683 | Lair:3   | Reached skill level 11 in Axes
 17880 | Lair:3   | Noticed a five-headed hydra
 17888 | Lair:3   | Killed a one-headed hydra
 17980 | Lair:3   | Noticed a five-headed hydra
 17991 | Lair:3   | Killed a two-headed hydra
 17991 | Lair:3   | Reached skill level 10 in Fighting
 18464 | Lair:3   | Found a hole to the Spider Nest.
 18515 | Lair:3   | Noticed a seven-headed hydra
 18527 | Lair:3   | Killed a one-headed hydra
 19410 | Lair:4   | Noticed a six-headed hydra
 19414 | Lair:4   | Gained mutation: You are mostly covered in large bone plates. (SH +6) [demonic ancestry]
 19414 | Lair:4   | Reached XP level 13. HP: 103/103 MP: 13/13
 19422 | Lair:4   | Reached ****** piety under Okawaru
 19422 | Lair:4   | Received a gift from Okawaru
 20337 | Lair:5   | Reached skill level 12 in Axes
 20714 | Lair:5   | Found a staircase to the Slime Pits.
 20852 | Lair:6   | Entered Level 6 of the Lair of Beasts
 20877 | Lair:6   | HP: 5/104 [nine-headed hydra (2)]
 20877 | Lair:6   | HP: 1/104 [nine-headed hydra (4)]
 20878 | Lair:6   | Slain by a nine-headed hydra

Skill      XL: |  1  2  3  4  5  6  7  8  9 10 11 12 13 |
---------------+----------------------------------------+-----
Axes           | 3 4 5 6 7 9 10 11 12 | 12.0
Armour         | 1 2 3 5 |  5.1
Fighting       | 3 4 5 6 8 9 10 | 10.5
Stealth        | 1 2 4 5 6 8 9 |  9.8
Shields        | 2 4 5 7 |  7.6
Long Blades    | 3 6 |  6.1
Throwing       | |  1.7
Dodging        | |  2.6
Evocations     | |  0.7

Action                   |  1- 3 |  4- 6 |  7- 9 | 10-12 | 13-15 || total
-------------------------+-------+-------+-------+-------+-------++-------
Melee: War axe           |   106 |   179 |   273 |   357 |    94 ||  1009
       Falchion          |       |       |       |   294 |    10 ||   304
Throw: Tomahawk          |     9 |     2 |       |       |       ||    11
       Throwing net      |     2 |       |       |       |       ||     2
Invok: Heroism           |       |       |       |    12 |     1 ||    13
Evoke: Wand              |       |       |       |     3 |       ||     3
  Use: Scroll            |     3 |     8 |    13 |    11 |       ||    35
       Potion            |     3 |     1 |       |       |       ||     4
 Stab: Sleeping          |     1 |     2 |     8 |    36 |     2 ||    49
       Distracted        |     1 |       |     2 |     1 |       ||     4
  Eat: Chunk             |     2 |     5 |     4 |    12 |       ||    23
       Ration            |       |     2 |     2 |     7 |     2 ||    13
Armor: Leather armour    |     6 |       |       |   170 |    25 ||   201
       Chain mail        |    42 |       |       |       |       ||    42
       Ring mail         |    18 |    62 |    85 |       |       ||   165
Dodge: Dodged            |    47 |    52 |    71 |   194 |    17 ||   381
Block: Shield            |    49 |    99 |   156 |   492 |    66 ||   862
       Rpst.: Falchion   |       |       |       |    30 |       ||    30
